 Dungeon Crawl Stone Soup version 0.28-a0-794-gafe8c5f9e9 (webtiles) character file.

Game seed: 3552702007759671208

63 bjtr the Conjurer (level 4, -5/30 HPs)
             Began as a Human Conjurer on Nov 6, 2021.
             Killed from afar by Natasha (6 damage)
             ... with a magic dart
             ... on level 2 of the Dungeon.
             The game lasted 00:07:54 (2239 turns).

bjtr the Conjurer (Human Conjurer)                  Turns: 2239, Time: 00:07:55

Health: -5/30      AC:  3    Str:  7    XL:     4   Next: 31%
Magic:  2/7        EV: 11    Int: 20    God:
Gold:   85         SH:  0    Dex: 11    Spells: 4/7 levels left

rFire   . . .      SeeInvis .   i - +0 mace
rCold   . . .      Faith    .   (no shield)
rNeg    . . .      Spirit   .   f - +0 leather armour
rPois   .          Reflect  .   (no helmet)
rElec   .          Harm     .   (no cloak)
rCorr   .          Rampage  .   (no gloves)
Will    .....                   (no boots)
Stlth   ++........              (no amulet)
HPRegen 0.10/turn               (no ring)
MPRegen 0.10/turn               (no ring)

@: no status effects
A: no striking features
a: no special abilities


You were on level 2 of the Dungeon.
You visited 1 branch of the dungeon, and saw 2 of its levels.

You collected 105 gold pieces.
You spent 20 gold pieces at shops.

Inventory:

Hand Weapons
 i - a +0 mace (weapon)
 l - a +0 hand axe
Missiles
 c - 2 curare-tipped darts (quivered)
 d - 39 stones
 j - 46 sling bullets
Armour
 a - a +0 robe
 f - a +0 leather armour (worn)
 h - a +0 ring mail
Jewellery
 g - an amulet of guardian spirit
Scrolls
 k - 2 scrolls of identify
Potions
 b - a potion of flight
 e - a potion of haste


   Skills:
 - Level 2.0 Dodging
 - Level 2.0 Stealth
 + Level 2.4 Spellcasting
 * Level 5.3 Conjurations


You had 4 spell levels left.
You knew the following spells:

 Your Spells              Type           Power      Damage    Failure   Level
a - Magic Dart            Conj           92%        1d7       2%          1
b - Searing Ray           Conj           46%        2d6       3%          2

Your spell library contained the following spells:

 Spells                   Type           Power      Damage    Failure   Level
 Dazzling Flash           Conj/Hex       26%        N/A       22%         3
 Fulminant Prism          Conj/Hex       6%         3d7       58%         4
 Iskenderun's Mystic Bla  Conj/Tloc      13%        2d5       58%         4


Dungeon Overview and Level Annotations

Branches:
Dungeon (2/15)

Altars:
Xom

Shops:
D:1 ?

Annotations:
D:2 Natasha


Message History

Natasha stares at you and mumbles some strange words.
You feel yourself slow down.
You closely miss Natasha.
Natasha is moderately wounded.
Natasha claws you.
The crimson imp hits you but does no damage.
Natasha claws you but does no damage. The crimson imp hits you.
Unknown command.
You hit Natasha but do no damage.
Natasha is moderately wounded.
Natasha claws you.
The crimson imp blinks!
Natasha barely misses you.
Unknown command.
You hit Natasha.
Natasha is heavily wounded.
Natasha barely misses you.
The crimson imp blinks!
Natasha barely misses you.
Unknown command.
You hit Natasha.
Natasha is heavily wounded.
The crimson imp disappears in a puff of smoke!
Natasha claws you. Natasha closely misses you.
Unknown command.
You miss Natasha.
Natasha is heavily wounded.
Natasha closely misses you. Natasha claws you but does no damage.
Unknown command.
Okay, then.
You hit Natasha.
Natasha is severely wounded.
Natasha barely misses you. Natasha claws you.
Unknown command.
You closely miss Natasha.
Natasha is severely wounded.
You feel yourself speed up.
Natasha casts a spell.
Natasha claws you!
* * * LOW HITPOINT WARNING * * *
Natasha closely misses you.
Natasha stares at you and mumbles some strange words.
The magic dart hits you.
You die...

.......# .......###
#.........
#.........#
#.........########
.5....... #......
#h.....# ##......
###......# #.......
#.@......# #.......
#.#......# #...>...
#.#......# #.####.#
..##.#######.####..
###
#...............
#######.........
#..(......
#.........
#.........


You could see Natasha and a shadow imp (summoned).

Vanquished Creatures
  3 adders (D:2)
  A dart slug (D:2)
  2 ball pythons
  4 endoplasms (D:1)
  2 giant cockroaches
  A goblin (D:2)
  3 hobgoblins (D:1)
  12 bats
  4 frilled lizards
  4 rats
36 creatures vanquished.

Notes
Turn   | Place    | Note
-------+----------+-------------------------------------------
     0 | D:1      | bjtr the Human Conjurer began the quest for the Orb.
     0 | D:1      | Reached XP level 1. HP: 13/13 MP: 3/3
   459 | D:1      | Reached XP level 2. HP: 19/19 MP: 3/5
   462 | D:1      | Learned a level 2 spell: Searing Ray
  1008 | D:1      | Reached XP level 3. HP: 24/24 MP: 6/6
  1046 | D:1      | Found Ugonutyx's Magic Scroll Emporium.
  1054 | D:1      | Bought a scroll of identify for 20 gold pieces
  1606 | D:2      | Reached skill level 5 in Conjurations
  1675 | D:2      | Found a shimmering altar of Xom.
  1874 | D:2      | Reached XP level 4. HP: 29/30 MP: 2/7
  2099 | D:2      | Found a faded altar of an unknown god.
  2223 | D:2      | Noticed Natasha
  2238 | D:2      | HP: 1/30 [Natasha (9)]
  2239 | D:2      | Killed from afar by Natasha

Illustrated notes

Levels and vault maps discovered:
D:1:      dpeg_arrival_refuge, layout_basic, serial_shops, nicolae_shop_trees,
          minmay_misc_feat_plants
D:2:      layout_basic, shapermc_ecumenical_altar_notcrosses, basic_altar,
          minmay_close_crescents, uniq_natasha

Skill      XL: |  1  2  3 |
---------------+----------+-----
Conjurations   | 5 |  5.3
Dodging        | |  2.0
Stealth        | |  2.0
Spellcasting   | |  2.4

Action                   |  1- 3 |  4- 6 || total
-------------------------+-------+-------++-------
Melee: Unarmed           |    12 |       ||    12
       Mace              |    18 |    12 ||    30
Throw: Dart              |     1 |       ||     1
 Cast: Magic Dart        |    14 |       ||    14
       Searing Ray       |    19 |     3 ||    22
  Use: Scroll            |     3 |       ||     3
Armor: Robe              |     8 |       ||     8
       Leather armour    |    16 |     8 ||    24
Dodge: Dodged            |    41 |    10 ||    51

Table legend: (Time is in decaauts)
 A = Elapsed time spent in this place.
 B = Non-inter-level travel time spent in this place.
 C = Inter-level travel time spent in this place.
 D = Time resting spent in this place.
 E = Time spent auto-exploring this place.
 F = Levels seen in this place.
 G = Mean time per level.
                   A        B        C        D        E       F      G
               +--------+--------+--------+--------+--------+-----+--------+
         Total |   2255 |   2240 |     15 |    446 |   1409 |   2 | 1127.5 |
       Dungeon |   2255 |   2240 |     15 |    446 |   1409 |   2 | 1127.5 |
               +--------+--------+--------+--------+--------+-----+--------+

Top non-repeatable levels by time:
     D:1: 1422 daAuts
     D:2: 832 daAuts
